 Dungeon Crawl Stone Soup version 0.20.0-8-g6b59dc7 (webtiles) character file.

245 mike2R the Chiller (level 5, -7/28 HPs)
             Began as a Deep Elf Ice Elementalist on May 30, 2017.
             Mangled by Crazy Yiuf
             ... wielding a +4 quarterstaff of chaos
              (14 damage)
             ... on level 3 of the Dungeon.
             The game lasted 00:16:48 (2942 turns).

mike2R the Chiller (Deep Elf Ice Elementalist)      Turns: 2942, Time: 00:16:49

Health: -7/28      AC:  2    Str:  5    XL:     5   Next: 83%
Magic:  2/11       EV: 12    Int: 21    God:
Gold:   148        SH:  0    Dex: 15    Spells: 0/10 levels left

rFire    . . .     SeeInvis .   m - +0 short sword
rCold    . . .     Gourm    .   (no shield)
rNeg     . . .     Faith    .   a - +0 robe
rPois    .         Spirit   .   (no helmet)
rElec    .         Reflect  .   (no cloak)
rCorr    .         Harm     .   (no gloves)
MR       .....                  (no boots)
Stlth    ++........             l - amulet of magic regeneration
Regen    0.1/turn               (no ring)
MPRegen  0.2/turn               (no ring)

@: drained
A: no striking features
a: no special abilities


You were on level 3 of the Dungeon.
You were not hungry.

You visited 1 branch of the dungeon, and saw 3 of its levels.

You collected 148 gold pieces.

Inventory:

Hand Weapons
 e - a +0 club
 h - a +0 dagger
 m - a +0 short sword (weapon)
Missiles
 p - 116 stones (quivered)
 t - 8 curare-tipped needles
Armour
 a - a +0 robe (worn)
 w - a +0 leather armour
Jewellery
 l - an amulet of magic regeneration (around neck)
Wands
 x - a wand of polymorph (8/24)
Scrolls
 i - 2 scrolls of remove curse {unknown}
 j - a scroll of immolation {unknown}
 n - 2 scrolls of teleportation {unknown}
 o - 3 scrolls of identify {unknown}
Potions
 g - a potion of might {unknown}
 k - a potion of curing {unknown}
 q - 2 potions of ambrosia {unknown}
 r - a potion of haste
 u - 2 potions of mutation {unknown}
 v - 2 potions of degeneration {unknown}
 z - 2 potions of lignification {unknown}
Books
 b - a book of Frost

   Spells                             Type                      Level
   a - Freeze                         Ice                          1
   b - Throw Frost                    Conjuration/Ice              2
   c - Ozocubu's Armour               Charms/Ice                   3
   d - Throw Icicle                   Conjuration/Ice              4
   e - Summon Ice Beast               Ice/Summoning                4
 s - a book of Misfortune

   Spells                             Type                      Level
   a - Confusing Touch                Hexes                        1
   b - Confuse                        Hexes                        3
   c - Gell's Gravitas                Translocation                3
   d - Petrify                        Transmutation/Earth          4
   e - Metabolic Englaciation         Hexes/Ice                    5
   f - Yara's Violent Unravelling     Hexes/Transmutation          5
 y - a book of Minor Magic

   Spells                             Type                      Level
   a - Magic Dart                     Conjuration                  1
   b - Blink                          Translocation                2
   c - Call Imp                       Summoning                    2
   d - Slow                           Hexes                        2
   e - Conjure Flame                  Conjuration/Fire             3
   f - Mephitic Cloud                 Conjuration/Poison/Air       3
 A - a book of Misfortune

   Spells                             Type                      Level
   a - Confusing Touch                Hexes                        1
   b - Confuse                        Hexes                        3
   c - Gell's Gravitas                Translocation                3
   d - Petrify                        Transmutation/Earth          4
   e - Metabolic Englaciation         Hexes/Ice                    5
   f - Yara's Violent Unravelling     Hexes/Transmutation          5
Comestibles
 c - a bread ration
 d - 6 fruits
 f - 3 chunks of flesh


   Skills:
 - Level 2.4(2.0) Dodging
 - Level 2.4(2.0) Stealth
 - Level 3.0(2.6) Spellcasting
 - Level 1.1(0.7) Conjurations
 + Level 7.3(6.9) Ice Magic


You couldn't memorise any spells.
You knew the following spells:

 Your Spells              Type           Power        Failure   Level  Hunger
a - Freeze                Ice            ####         1%          1    None
b - Throw Frost           Conj/Ice       ###...       4%          2    ##.....
c - Ozocubu's Armour      Chrm/Ice       ###.....     10%         3    ###....
d - Summon Ice Beast      Ice/Summ       ###.....     32%         4    ####...


Dungeon Overview and Level Annotations

Branches:
Dungeon (3/15)

Altars:

Annotations:
D:3 Crazy Yiuf


Message History

Press: ? - help, Shift-Dir - straight line, f/p - Crazy Yiuf
Aim: Crazy Yiuf, wielding a quarterstaff of chaos and wearing a runed cloak (moderately wounded, fast)
You freeze Crazy Yiuf.
Crazy Yiuf is heavily wounded.
Crazy Yiuf hits you with a quarterstaff of chaos.
You feel your power leaking away.
Casting: Freeze
Confirm with . or Enter, or press ? or * to list all spells.
Aiming: Freeze
Press: ? - help, Shift-Dir - straight line, f/p - Crazy Yiuf
Aim: Crazy Yiuf, wielding a quarterstaff of chaos and wearing a runed cloak (heavily wounded, fast)
You freeze Crazy Yiuf.
Crazy Yiuf is almost dead.
Crazy Yiuf hits you with a quarterstaff of chaos!
You feel drained.
* * * LOW HITPOINT WARNING * * *
Crazy Yiuf twirls on the spot.
Crazy Yiuf hits you with a quarterstaff of chaos!
Ouch! That really hurt!
You die...

#........##
#####
#........##
#..)#
#........##
#...#
#..........
...
#..........
#'#
#......####
##.#
#.......#
#g##
#.......#
##@#
#.......#
#.##
#.......#
##.##
#.......#
#...##
#......##
#....#
#.....##
#....#
#.#####
##..#####.#
#........#
##...#####


You could see Crazy Yiuf.

Vanquished Creatures
  Ijyb (D:3)
  Natasha (thrice) (D:3)
  7 adders
  A worm (D:2)
  A dart slug (D:2)
  3 leopard geckos
  2 orcs (D:3)
  6 bats
  4 giant cockroaches
  3 goblins
  8 hobgoblins
  12 jackals
  6 kobolds
  3 quokkas
  3 frilled lizards
  12 rats
75 creatures vanquished.

Notes
Turn   | Place    | Note
-------+----------+-------------------------------------------
     0 | D:1      | mike2R the Deep Elf Ice Elementalist began the quest for the Orb.
     0 | D:1      | Reached XP level 1. HP: 10/10 MP: 6/6
   123 | D:1      | Reached XP level 2. HP: 15/15 MP: 5/8
   127 | D:1      | Learned a level 2 spell: Throw Frost
   198 | D:1      | Reached skill level 4 in Ice Magic
  1122 | D:2      | Reached XP level 3. HP: 19/19 MP: 9/9
  1130 | D:2      | Learned a level 3 spell: Ozocubu's Armour
  1425 | D:2      | Reached skill level 5 in Ice Magic
  2007 | D:3      | Reached XP level 4. HP: 24/24 MP: 3/10
  2303 | D:3      | Noticed Ijyb
  2315 | D:3      | Killed Ijyb
  2315 | D:3      | Reached skill level 6 in Ice Magic
  2406 | D:3      | Reached XP level 5. HP: 25/28 MP: 7/11
  2642 | D:3      | Noticed Natasha
  2649 | D:3      | Killed Natasha
  2775 | D:3      | Noticed Natasha
  2796 | D:3      | Killed Natasha
  2796 | D:3      | Reached skill level 7 in Ice Magic
  2845 | D:3      | Noticed Natasha
  2849 | D:3      | Killed Natasha
  2887 | D:3      | Learned a level 4 spell: Summon Ice Beast
  2929 | D:3      | Found a runed door.
  2934 | D:3      | Noticed Crazy Yiuf
  2942 | D:3      | Mangled by Crazy Yiuf

Skill      XL: |  1  2  3  4  5 |
---------------+----------------+-----
Ice Magic      | 4 5 6 7 |  7.3
Dodging        | |  2.4
Stealth        | |  2.4
Spellcasting   | |  3.0
Conjurations   | |  1.1

Action                   |  1- 3 |  4- 6 || total
-------------------------+-------+-------++-------
Melee: Short sword       |    29 |    14 ||    43
       Dagger            |     3 |       ||     3
 Cast: Freeze            |    47 |    44 ||    91
       Throw Frost       |     9 |    19 ||    28
       Ozocubu's Armour  |     1 |     2 ||     3
       Summon Ice Beast  |       |     1 ||     1
 Stab: Sleeping          |     4 |       ||     4
  Eat: Chunk             |     4 |     4 ||     8
Armor: Robe              |     8 |     7 ||    15
Dodge: Dodged            |    35 |    22 ||    57
